 Dungeon Crawl Stone Soup version 0.20.1-1-g8b1a95d (webtiles) character file.

65 Linguinho the Skirmisher (level 3, -6/29 HPs)
             Began as a Demonspawn Monk on Nov 8, 2017.
             Mangled by a gnoll
             ... wielding a +0 spear
              (9 damage)
             ... on level 2 of the Dungeon.
             The game lasted 00:03:42 (1145 turns).

Linguinho the Skirmisher (Demonspawn Monk)          Turns: 1145, Time: 00:03:43

Health: -6/29      AC:  4    Str: 12    XL:     3   Next: 94%
Magic:  3/3        EV: 13    Int: 11    God:
Gold:   104        SH:  0    Dex: 15    Spells: 2/2 levels left

rFire    . . .     SeeInvis .     - Unarmed
rCold    . . .     Gourm    .   (no shield)
rNeg     . . .     Faith    .   a - +0 robe
rPois    +         Spirit   .   (helmet restricted)
rElec    .         Reflect  .   (no cloak)
rCorr    .         Harm     .   g - +1 pair of gloves
MR       .....                  (no boots)
Stlth    ++........             (no amulet)
Regen    0.1/turn               f - ring of poison resistance
MPRegen  0.1/turn               p - ring of flight

@: no status effects
A: hooves 1, horns 1
a: Evoke Flight


You were on level 2 of the Dungeon.
You were not hungry.

You visited 1 branch of the dungeon, and saw 2 of its levels.

You collected 104 gold pieces.

Inventory:

Armour
 a - a +0 robe (worn)
 e - a +0 ring mail
 g - a +1 pair of gloves (worn)
Jewellery
 f - a ring of poison resistance (left hand)
 p - a ring of flight (right hand)
Scrolls
 h - a scroll of recharging {unknown}
 j - a scroll of identify {unknown}
 l - a scroll of magic mapping {unknown}
 o - a scroll of enchant weapon {unknown}
Potions
 c - a potion of degeneration {unknown}
 d - a potion of magic {unknown}
 m - a potion of curing {unknown}
 n - a potion of agility {unknown}
Comestibles
 b - 3 bread rations
 i - a fruit
 k - 2 meat rations
 q - a chunk of flesh


   Skills:
 + Level 3.4 Fighting
 + Level 3.3 Dodging
 + Level 2.1 Stealth
 + Level 3.3 Unarmed Combat


You had 2 spell levels left.
You didn't know any spells.

Dungeon Overview and Level Annotations

Branches:
Dungeon (2/15)

Altars:


Innate Abilities, Weirdness & Mutations

You have large cloven feet.
You have a pair of small horns on your head.


Message History

The gnoll closely misses you.
You closely miss the gnoll.
The gnoll shouts!
You kick the gnoll.
The gnoll is severely wounded.
You hear a shout! x2
The gnoll misses you.
You hit the gnoll. You kick the gnoll.
You kill the gnoll!
The gnoll hits you from afar with a spear.
You hit the hobgoblin.
The hobgoblin is severely wounded.
The gnoll hits you from afar with a spear.
* * * LOW HITPOINT WARNING * * *
The hobgoblin hits you.
* * * LOW HITPOINT WARNING * * *
You hit the hobgoblin but do no damage. You kick the hobgoblin.
The hobgoblin is almost dead.
The gnoll hits you from afar with a spear!
You die...

.......#. #.. .......... +..
.......#... #.. ..###..#... #..
..###..# .( ### ... ### ....#..#
#.. ... .......# .#.# #..
..#.#.## .#.####.# .. ## #.#.#.#
..#)@.g..# .. . ..#.#.####
...#g###..####.# .###
#.#......##...#...#........ ..#..
......#.......#.......#.#.#......
..........#.......g!.##.#.#.###.#
......#.......#.........#........
......###.#...#..####.#...######.
.####.###...g....##..............
.................#......########.


You could see a gnoll and a hobgoblin.

Vanquished Creatures
  2 gnolls (D:2)
  2 adders (D:2)
  An ooze (D:1)
  2 dart slugs
  A ball python (D:2)
  4 goblins
  2 hobgoblins (D:2)
  A quokka (D:2)
  A bat (D:2)
  2 kobolds
  5 rats
23 creatures vanquished.

Notes
Turn   | Place    | Note
-------+----------+-------------------------------------------
     0 | D:1      | Linguinho the Demonspawn Monk began the quest for the Orb.
     0 | D:1      | Reached XP level 1. HP: 18/18 MP: 1/1
   437 | D:1      | Gained mutation: You have large cloven feet. [demonic ancestry]
   437 | D:1      | Reached XP level 2. HP: 24/24 MP: 2/2
   984 | D:2      | Gained mutation: You have a pair of small horns on your head. [demonic ancestry]
   984 | D:2      | Reached XP level 3. HP: 26/29 MP: 3/3
  1145 | D:2      | Mangled by a gnoll

Skill      XL: |  1  2 |
---------------+-------+-----
Unarmed Combat | 3 |  3.3
Dodging        | 3 |  3.3
Stealth        | 2 |  2.1
Fighting       | |  3.4

Action                   || total
-------------------------++-------
Melee: Unarmed           ||    74
       Punch             ||     2
       Kick              ||    19
       Headbutt          ||     4
 Stab: Sleeping          ||     3
  Eat: Chunk             ||     1
Armor: Robe              ||    12
Dodge: Dodged            ||    43
